 Dungeon Crawl Stone Soup version 0.31.0-9-g3a7656b989 (webtiles) character file.

Game seed: 3019909090596413601

88 qw the Shooter (level 4, 0/22 HPs)
             Began as a Spriggan Hunter on Feb 2, 2024.
             Succumbed to an adder's poison
             ... on level 3 of the Dungeon.
             The game lasted 00:00:06 (1598 turns).

qw the Shooter (Spriggan Hunter)                    Turns: 1598, Time: 00:00:06

Health: 0/22       AC:  2    Str:  7    XL:     4   Next: 30%
Magic:  5/5        EV: 20    Int: 10    God:
Gold:   144        SH:  0    Dex: 20    Spells: 3/3 levels left

rFire   . . .        a - +0 shortbow (freeze)
rCold   . . .        (shield currently unavailable)
rNeg    . . .        c - +0 robe
rPois   .            (helmet restricted)
rElec   .            (no cloak)
rCorr   .            (gloves unavailable)
SInv    +            (boots unavailable)
Will    .....        (no amulet)
Stlth   ++           (no ring)
HPRegen 0.23/turn    (no ring)
MPRegen 0.09/turn

%: no passive effects
@: lethally poisoned (0 -> -1), very quick
A: very small, no large weapons, unfitting armour, see invisible, speed 3
a: no special abilities


You were on level 3 of the Dungeon.
You visited 1 branch of the dungeon, and saw 3 of its levels.

You collected 144 gold pieces.


Innate Abilities, Weirdness & Mutations

You are very small and have problems with some larger weapons.
You are too small for most types of armour.
You have supernaturally acute eyesight. (SInv)
You cover ground extremely quickly. (Speed+++)


   Skills:
 - Level 1.5 Fighting
 - Level 5.0 Ranged Weapons
 + Level 4.7 Dodging
 - Level 1.5 Stealth


You had 3 spell levels left.
You didn't know any spells.
Your spell library was empty.

Inventory:

Hand Weapons
 a - a +0 shortbow of freezing (weapon)
Armour
 c - a +0 robe (worn)
Wands
 g - a wand of polymorph (15)
Potions
 b - a potion of might
 d - a potion of heal wounds {unknown}
 i - a potion of curing {unknown}

Dungeon Overview and Level Annotations

Branches:
Dungeon (3/15)

Altars:


Message History

You shoot an arrow. The arrow barely misses the adder.
You shoot an arrow. The arrow barely misses the adder.
The adder bites you.
You shoot an arrow. The arrow closely misses the adder.
The adder bites you.
You are poisoned.
The adder poisons you! The adder bites you but does no damage.
You shoot an arrow. The arrow barely misses the adder.
You feel sick. The adder barely misses you.
You shoot an arrow. The arrow hits the adder.
The arrow freezes the adder.
The adder is lightly wounded.
You feel sick. The adder completely misses you.
You shoot an arrow. The arrow misses the adder.
You feel sick. The adder closely misses you. x2
You shoot an arrow. The arrow closely misses the adder.
You feel sick. The adder barely misses you.
You shoot an arrow.
The arrow hits the adder but does no damage.
The adder is lightly wounded.
You feel sick.
You are no longer poisoned.
The adder bites you. x2
You are lethally poisoned!
The adder poisons you!
You shoot an arrow. The arrow hits the adder!
The adder seems to slow down.
The arrow freezes the adder.
You kill the adder!
You feel sick.
There is a lethal amount of poison in your body!
You feel sick.
There is a lethal amount of poison in your body!
You feel sick.
There is a lethal amount of poison in your body!
You feel sick.
There is a lethal amount of poison in your body!
You feel sick.
There is a lethal amount of poison in your body!
You feel sick.
There is a lethal amount of poison in your body!
You die...

.## ... # # (.#
.. ..### #..
...
.....##.###...#
#....#.......#
#..........#
#@..#
#..........#
#.####......#
.........
.......##
..........
.........#
...########


There were no monsters in sight!

Vanquished Creatures
  A gnoll (D:1)
  2 adders
  2 dart slugs
  2 ribbon worms (D:2)
  8 endoplasms
  5 goblins (D:2)
  7 hobgoblins
  2 kobolds (D:1)
  4 quokkas
  4 ball pythons
  4 bats (D:2)
  3 frilled lizards
  5 rats
49 creatures vanquished.

Notes
Turn   | Place    | Note
-------+----------+-------------------------------------------
     0 | D:1      | qw the Spriggan Hunter began the quest for the Orb.
     0 | D:1      | Reached XP level 1. HP: 10/10 MP: 2/2
     0 | D:1      | 0 ||| qw: Version: 0.3-a-155-g5e7d8dd
     0 | D:1      | 0 ||| qw: Game counter: 1630
     0 | D:1      | 0 ||| qw: Melee chars always use a shield: true
     0 | D:1      | 0 ||| qw: God list: Okawaru
     0 | D:1      | 0 ||| qw: Allow faded altars: false
     0 | D:1      | 0 ||| qw: Do Orc after clearing Dungeon:15 true
     0 | D:1      | 0 ||| qw: Do second Lair branch before Depths: true
     0 | D:1      | 0 ||| qw: Lair rune preference: random
     0 | D:1      | 0 ||| qw: Goals: Normal
     0 | D:1      | 0 ||| PLANNING D:1-11
    48 | D:1      | Reached skill level 3 in Dodging
    83 | D:1      | Reached XP level 2. HP: 14/14 MP: 3/3
   628 | D:1      | Reached XP level 3. HP: 18/18 MP: 4/4
   881 | D:1      | 881 ||| READING scroll labelled XUKLOA ZAASU.
   982 | D:1      | 982 ||| READING scroll labelled TOHAGI IKLUSMULOU.
   986 | D:1      | 986 ||| READING scroll labelled VICIBR IRINI.
   986 | D:1      | 986 ||| IDENTIFYING lumpy clear potion
   987 | D:1      | 987 ||| DRINKING 2 coppery potions.
   988 | D:1      | 988 ||| DROPPING scroll of butterflies.
   989 | D:1      | 989 ||| DROPPING potion of degeneration.
   990 | D:1      | 990 ||| DROPPING potion of magic.
  1072 | D:2      | 1072 ||| FLEEEEING.
  1073 | D:2      | 1073 ||| FLEEEEING.
  1074 | D:2      | 1074 ||| FLEEEEING.
  1076 | D:2      | 1076 ||| FLEEEEING.
  1077 | D:2      | 1077 ||| FLEEEEING.
  1228 | D:2      | Reached skill level 5 in Ranged Weapons
  1338 | D:2      | Reached XP level 4. HP: 22/22 MP: 5/5
  1564 | D:2      | 1564 ||| READING scroll of identify.
  1564 | D:2      | 1564 ||| IDENTIFYING pink potion
  1565 | D:2      | 1565 ||| READING scroll labelled CEETHO RUMAR.
  1565 | D:2      | 1565 ||| BRANDING +0 shortbow.
  1592 | D:3      | HP: 4/22 [poisoned by an adder]
  1596 | D:3      | HP: 1/22 [poisoned by an adder]
  1598 | D:3      | Succumbed to an adder's poison

Levels and vault maps discovered:
D:1:      lightli_arrival_isolated_outpost, layout_basic
D:2:      layout_basic, hangedman_decor_riveting, minmay_three_crescents
D:3:      layout_rooms, lemuel_coloured_pillars_altar,
          hellmonk_ecumenical_altar_the_god_not_taken

Skill      XL: |  1  2  3 |
---------------+----------+-----
Dodging        | 3 4 |  4.7
Ranged Weapons | 5 |  5.0
Fighting       | |  1.5
Stealth        | |  1.5

Action                     |  1- 3 |  4- 6 || total
---------------------------+-------+-------++-------
   Fire: Shortbow          |   124 |    16 ||   140
    Use: Scroll            |     3 |     2 ||     5
         Potion            |     1 |       ||     1
 Armour: Robe              |     3 |     5 ||     8
  Dodge: Dodged            |    31 |     5 ||    36

Table legend:
 A = Non-vault XP
 B = Vault XP
 C = Vault XP percentage of total XP
 D = Non-vault monster count
 E = Vault monster count
 F = Vault count percentage of total count
                 A         B        C        D         E       F
            +---------+---------+-------+---------+---------+-------
      Total |     113 |      14 |  11.0 |      43 |       6 |  12.2
            +---------+---------+-------+---------+---------+-------
        D:1 |      49 |       0 |   0.0 |      21 |       0 |   0.0
        D:2 |      47 |      14 |  23.0 |      20 |       6 |  23.1
        D:3 |      17 |       0 |   0.0 |       2 |       0 |   0.0
            +---------+---------+-------+---------+---------+-------
